Map: Orbital Shipyard

Players

herbalizer - Winner!

  • Race: Zerg Zerg
  • League: Bronze

zod

  • Race: Protoss Protoss
  • League: Silver

VOD

Have the link to the VOD?

Description

Time

  • Played on: Jan. 21, 2016, 1:45 p.m.
  • Length: 12:06
Show
View Real Time Build Order
Export as new Build Order

herbalizer Zerg - Winner!

Build Orders: Hatch First 

Get SALT Encoding   

  12  0:01  Drone  
  13  0:12  Overlord  
  13  0:17  Drone  
  14  0:31  Drone x2  
  14  0:34  Drone  
  17  0:53  Hatchery  
  17  0:56  Drone  
  17  1:00  Drone  
  17  1:03  Extractor  
  17  1:06  Drone  
  18  1:18  Spawning Pool  
  18  1:21  Drone  
  18  1:28  Drone  
  19  1:40  Overlord  
  20  1:54  Drone  
  20  2:06  Queen  
  22  2:08  Queen  
  22  2:10  Zergling x4  
  26  2:22  Drone  
  27  2:23  Drone  
  27  2:24  Metabolic Boost  
  27  2:29  Drone  
  29  2:30  Drone  
  29  2:33  Drone  
  31  2:40  Overlord  
  31  2:44  Queen  
  33  2:56  Drone x3  
  36  3:02  Drone  
  36  3:13  Drone x2  
  36  3:17  Drone  
  36  3:18  Drone x2  
  41  3:22  Roach Warren  
  40  3:32  Drone x2  
  42  3:46  Hatchery  
  41  3:48  Extractor  
  41  3:52  Drone  
  41  3:53  Drone x2  
  41  3:54  Overlord x2  
  43  4:28  Roach x8  
  43  4:31  Overlord x2  
  50  5:10  Roach x3  
  50  5:11  Roach x5  
  60  5:41  Lair  
  60  5:46  Roach  
  60  5:47  Zergling x14  
  60  5:48  Zergling x10  
  68  6:26  Roach  
  68  6:27  Roach x5  
  68  6:28  Overlord x3  
  80  6:42  Overlord x2  
  58  7:30  Roach x10  
  74  7:50  Drone  
  74  7:51  Drone x6  
  66  8:20  Drone x6  
  66  8:22  Glial Reconstitution  
  66  8:27  Hydralisk Den  
  44  9:14  Drone x9  
  44  9:15  Drone x3  
  44  9:16  Drone x2  
  58  9:17  Drone x2  
  58  9:18  Zergling x2  
  58  9:19  Zergling x18  
  70  9:26  Extractor x2  
  70  9:31  Evolution Chamber  
  67  9:32  Evolution Chamber  
  67  9:33  Muscular Augments  
  66  9:48  Drone x11  
  66  9:49  Drone  
  78  9:52  Extractor  
  78  9:53  Extractor  
  76  10:03  Zerg Missile Weapons Level 1  
  76  10:04  Zerg Ground Armor Level 1  
  76  10:07  Overseer  
  76  10:10  Overseer  
  74  10:43  Roach x7  
  74  10:44  Hatchery, Roach x9  
  74  10:45  Zergling x4  
  106  11:09  Hydralisk x8  
  122  11:11  Overlord  
  122  11:19  Overlord  
  121  11:29  Queen  
  123  11:33  Ravager x5  
  123  11:34  Ravager x2  
  131  11:40  Ravager x4  
Show
View Real Time Build Order
Export as new Build Order

zod Protoss 

Build Orders:  

Get SALT Encoding   

  12  0:01  Probe (Chrono Boost)  
  13  0:11  Probe (Chrono Boost)  
  14  0:22  Probe (Chrono Boost), Pylon  
  15  0:40  Probe (Chrono Boost)  
  15  0:41  Gateway  
  16  0:50  Probe (Chrono Boost)  
  17  0:57  Gateway  
  17  1:02  Pylon  
  18  1:04  Probe (Chrono Boost)  
  18  1:10  Assimilator  
  18  1:15  Probe (Chrono Boost)  
  19  1:31  Cybernetics Core  
  20  1:40  Probe (Chrono Boost)  
  20  1:42  Zealot  
  22  1:59  Nexus  
  23  2:01  Probe (Chrono Boost)  
  23  2:08  Adept  
  25  2:11  Warp Gate (Chrono Boost)  
  25  2:19  Assimilator  
  25  2:23  Probe  
  26  2:43  Gateway  
  26  2:45  Mothership Core  
  26  2:49  Adept  
  30  3:01  Pylon  
  30  3:05  Pylon  
  30  3:06  Probe  
  30  3:11  Adept  
  30  3:12  Probe  
  33  3:19  Adept  
  36  3:30  Twilight Council  
  36  3:33  Probe  
  37  3:38  Probe  
  38  3:42  Assimilator  
  38  3:46  Adept  
  40  4:01  Robotics Facility  
  40  4:08  Adept  
  42  4:24  Stalker x2  
  42  4:27  Resonating Glaives (Chrono Boost)  
  46  4:37  Adept  
  42  5:17  Stalker  
  42  5:18  Stalker  
  42  5:19  Stalker  
  44  5:21  Immortal  
  44  5:25  Probe  
  44  5:27  Probe  
  50  5:30  Assimilator  
  50  5:36  Probe  
  50  5:39  Probe  
  52  5:42  Forge  
  52  5:46  Probe  
  52  5:48  Charge (Chrono Boost)  
  53  5:51  Probe  
  53  5:56  Pylon  
  54  5:58  Probe, Pylon  
  54  6:03  Probe  
  48  6:27  Zealot  
  48  6:28  Zealot x2  
  54  6:33  Protoss Ground Weapons Level 1  
  46  6:55  Adept x3  
  42  7:11  Immortal (Chrono Boost)  
  42  7:21  Stalker x3  
  46  7:26  Stalker  
  42  7:32  Photon Cannon  
  38  7:50  Zealot  
  32  7:54  Probe x2  
  33  8:06  Probe x2  
  31  8:14  Photon Cannon  
  31  8:16  Photon Cannon  
  31  8:17  Pylon  
  31  8:18  Probe x2  
  31  8:19  Immortal (Chrono Boost)  
  33  8:20  Photon Cannon  
  33  8:21  Pylon  
  37  8:30  Probe x2  
  37  8:34  Protoss Ground Weapons Level 2 (Chrono Boost)  
  39  8:42  Probe x2  
  37  9:07  Pylon  
  37  9:09  Pylon  
  37  9:12  Pylon  
  37  9:13  Pylon  
  37  9:15  Pylon  
  37  9:23  Nexus  
  37  9:24  Pylon  
  37  9:27  Pylon  
  37  9:29  Pylon  
  37  9:30  Zealot x2  
  41  9:50  Photon Cannon  
  41  9:53  Adept x3  
  41  9:58  Pylon  
  41  9:59  Pylon  
  47  10:02  Probe  
  47  10:06  Probe  
  49  10:14  Probe  
  50  10:21  Adept x3  
  52  10:26  Probe  
  57  10:36  Gateway  
  57  10:38  Probe  
  56  10:45  Zealot x3  
  58  10:50  Probe  
  58  10:51  Probe  
  58  10:55  Immortal  
  60  11:02  Probe  
  65  11:12  Zealot x3  
  65  11:14  Probe  
  65  11:15  Probe x2  
  74  11:23  Assimilator  
  74  11:36  Robotics Bay, Zealot x2  
  78  11:45  Probe x2  
  84  11:48  Probe  
Tags
 
Add a new tag
Caveats
  • Supply blocks, unpowered buildings, or Contaminate may cause inaccurate times.
  • Supply counts are checked every 10 seconds.